[Event "*** Titled Tuesday Blitz"]
[Site "Chess.com"]
[Date "2021.03.09"]
[Round "11"]
[White "anon102030"]
[Black "hellokostya"]
[Result "0-1"]
[WhiteElo "2666"]
[BlackElo "2544"]
[TimeControl "180+1"]
[EndTime "12:10:13 PST"]
[Termination "hellokostya won on time"]

1. e4 c5 2. Nc3 e6 3. g3 Nc6 4. Bg2 Nf6 5. d3 Be7 6. Nge2 O-O 7. O-O Rb8 8. h3 b5 9. f4 b4 10. Nb1 d5 11. e5 Nd7 12. Nd2 f5 13. exf6 Bxf6 14.
Nf3 Kh8 15. g4 e5 16. f5 e4 17. dxe4 dxe4 18. Nd2 Bb7 19. Nxe4 Nd4 20. Nxf6 Nxf6 21. Nxd4 cxd4 22. Bf4 Bxg2 23. Kxg2 Rc8 24. Qd3 Qd5+ 25. Kg1 Ne4 26. Rad1 Rfd8 27. Rfe1 Nc5 28. Qb5 h5 29. Qe2 Kh7 30. Be5 d3 31. cxd3 Nxd3 32. g5 g6 33. Bf6 Re8 34. fxg6+ Kxg6 35. Qxe8+ Rxe8 36. Rxe8 Qc5+ 37. Kg2 Qf2+ 38. Kh1 Qf3+ 39. Kh2 Qxd1 40. Bd4 Qd2+ 41. Kh1 Nf4 42. Rg8+ Kf5 43. Rf8+ Ke4 44.
Re8+ Kd3 45. Re3+ Kc2 46. Rg3 Qxd4 47. g6 Qe4+ 48. Kh2 Nxg6 49. Rg2+ Kb1 50. Rg5 Qf4+ 51. Rg3 h4 0-1

[Event "*** Titled Tuesday Blitz"]
[Site "Chess.com"]
[Date "2021.03.09"]
[Round "11"]
[White "GoltsevDmitry2000"]
[Black "Bodnar_Mykola"]
[Result "1-0"]
[WhiteElo "2689"]
[BlackElo "2502"]
[TimeControl "180+1"]
[EndTime "12:10:14 PST"]
[Termination "GoltsevDmitry2000 won by resignation"]

1. e4 e5 2. Nf3 Nc6 3. Bb5 a6 4. Ba4 Bc5 5. O-O Nge7 6. Nxe5 Nxe5 7. d4 b5 8. Bb3 Bxd4 9. Qxd4 d6 10. c3 c5 11. Qe3 O-O 12. Nd2 Bb7 13. Bc2 N7g6 14. Nf3 Nxf3+ 15. Qxf3 d5 16. exd5 Qxd5 17. Qxd5 Bxd5 18. Be3 c4 19. Rfd1 Rad8 20. a4 Ne5 21.
axb5 axb5 22. Bb6 Rd7 23. Rd4 g6 24. Rad1 Bc6 25. Rd6 Rxd6 26. Rxd6 Ra8 27. f4 Ng4 28. Bd1 Ra1 29. h3 Nf6 30. Kh2 Ne4 31. Rd8+ Kg7 32.
Bf3 f5 33. Bd4+ Kf7 34. Rc8 Bd7 35. Rc7 Ke6 36. Rb7 Rb1 37. Rb6+ Ke7 38. Be2 Kd8 39. Be5 Ke7 40. h4 Re1 41. Bf3 Rb1 42. h5 gxh5 43. Rh6 Rxb2 44. Rxh7+ Kd8 45. Bxh5 Bc6 46. Bf3 Bd7 47. Rh8+ Ke7 48. Rb8 Rc2 49. Rb7 Ke6 50.
Kh3 Nxc3 51. g4 Ne4 52. gxf5+ Ke7 53. Bxe4 Re2 54. Bc6 Rd2 55. Kg3 Rd3+ 56. Kg4 c3 57. Bxb5 c2 58. Rc7 c1=Q 59. Rxc1 Bxb5 60. Rc7+ Bd7 61. Kh4 Kd8 62. f6 Rh3+ 63. Kg5 Ke8 64. f7+ Ke7 65. f8=Q+ Kxf8 66. Rxd7 Rg3+ 67. Kf6 Kg8 68. Ke6 Rg6+ 69. Bf6 Rg1 70. Rd8+ Kh7 71. Rh8+ Kg6 72. Rg8+ Kh7 73. Rxg1 1-0

[Event "*** Titled Tuesday Blitz"]
[Site "Chess.com"]
[Date "2021.03.09"]
[Round "11"]
[White "J36225"]
[Black "Legendinunknown"]
[Result "1-0"]
[WhiteElo "2507"]
[BlackElo "2609"]
[TimeControl "180+1"]
[EndTime "12:10:15 PST"]
[Termination "J36225 won by checkmate"]

1. e4 e5 2. Nf3 Nc6 3. Bb5 a6 4. Ba4 d6 5. O-O Bg4 6. h3 h5 7.
c3 Qf6 8. Bxc6+ bxc6 9. d3 Ne7 10. Nbd2 Ng6 11. Nc4 Bxf3 12. Qxf3 Qxf3 13. gxf3 Be7 14. d4 Nh4 15. f4 exd4 16. cxd4 Nf3+ 17. Kg2 Nxd4 18.
Be3 Nc2 19. Rac1 Nxe3+ 20. fxe3 Kd7 21. Rfd1 Rab8 22. b3 g6 23. e5 d5 24. e4 Rb5 25.
Ne3 Ba3 26. Rc2 Bc5 27. Nxd5 cxd5 28. Rxd5+ Kc6 29. b4 Rxb4 30. Rdxc5+ Kb6 31. Rc6+ Kb5 32. Rxc7 Rxe4 33. Rb2+ Ka4 34. Rxf7 g5 35. fxg5 Rxe5 36.
Rf4+ Ka5 37. h4 Rd8 38. Rbf2 Rdd5 39. Kh3 Rd3+ 40. R2f3 Rd6 41. Rf5 Rxf5 42. Rxf5+ Kb4 43. Rf2 Rd3+ 44. Kg2 Rd4 45. Kg3 Ka3 46. Rg2 Rd3+ 47.
Kh2 Rd4 48. Kh3 Rd7 49. g6 Rg7 50. Kh2 a5 51. Kg1 a4 52. Kf1 Kb4 53. Kf2 Kc3 54. Kf3 Kd4 55. Kf4 a3 56. Kf5 Ke3 57. Kf6 Rg8 58.
g7 Kf3 59. Rg5 Kf4 60. Rxh5 Ra8 61. Rh8 Ra7 62. g8=Q Ra6+ 63. Ke7 Ra7+ 64. Kd6 Ra6+ 65. Kc5 Ra8 66. Qg5+ Kf3 67. Rxa8 Ke2 68. Re8+ Kd1 69. Qd5+ Kc2 70. Re2+ Kb1 71. Qb3+ Ka1 72. Qd1# 1-0

[Event "*** Titled Tuesday Blitz"]
[Site "Chess.com"]
[Date "2021.03.09"]
[Round "11"]
[White "ErikRonka"]
[Black "Meri-Arabidze"]
[Result "1-0"]
[WhiteElo "2427"]
[BlackElo "2557"]
[TimeControl "180+1"]
[EndTime "12:10:15 PST"]
[Termination "ErikRonka won by checkmate"]

1. d4 d5 2. c4 e6 3. Nc3 Nf6 4.
cxd5 exd5 5. Bg5 Be7 6. e3 c6 7. Bd3 Nbd7 8. Nf3 Nf8 9. h3 Ne6 10. Bh4 O-O 11. O-O g6 12. Rb1 Ng7 13. b4 a6 14. a4 Nf5 15. Bxf6 Bxf6 16. b5 axb5 17.
axb5 Nd6 18. bxc6 bxc6 19. Na4 Ba6 20. Bxa6 Rxa6 21. Nc5 Ra7 22. Nd2 Re8 23. Qb3 Nb5 24. Ra1 Rxa1 25. Rxa1 Qe7 26. Nd3 h5 27. Rc1 Qd6 28.
Nf3 Rb8 29. Qc2 Rb6 30. Nfe5 Bxe5 31. Nxe5 Na7 32. Rb1 Rxb1+ 33. Qxb1 Nb5 34. Qc2 Na7 35. Qa4 Qc7 36. Qb4 Kg7 37. Qc5 f6 38. Nd3 g5 39. Nb4 Qd7 40. Qb6 g4 41. h4 Kg6 42.
Na6 Nc8 43. Qb8 Ne7 44. Nc5 Qf5 45. Qe8+ Kh6 46. Nd7 Ng6 47. Qf7 g3 48. fxg3 Qe4 49. Nxf6 Qxe3+ 50. Kh2 Qxd4 51. Ng8# 1-0

[Event "*** Titled Tuesday Blitz"]
[Site "Chess.com"]
[Date "2021.03.09"]
[Round "11"]
[White "suyu28"]
[Black "Nemsko"]
[Result "0-1"]
[WhiteElo "2568"]
[BlackElo "2309"]
[TimeControl "180+1"]
[EndTime "12:10:18 PST"]
[Termination "Nemsko won on time"]

1. d4 Nf6 2. Bf4 d5 3. e3 e6 4. Nf3 Bd6 5. Bg3 O-O 6. Bd3 c5 7. c3 Nc6 8. Nbd2 b6 9. Ne5 Bb7 10.
O-O Ne7 11. f4 Ne4 12. Bh4 Qc7 13. Qe2 Nf5 14. Be1 f6 15. Nef3 Rae8 16. g4 Nh6 17. Qg2 Nf7 18. g5 fxg5 19. fxg5 Nd8 20. g6 h6 21. Bh4 Be7 22. Bxe7 Qxe7 23. Bxe4 dxe4 24. Ne5 Rf6 25. Rf2 Ref8 26. Raf1 Rxf2 27. Rxf2 Rxf2 28.
Qxf2 Qf6 29. Qg2 cxd4 30. cxd4 Qf5 31. Nf1 Nc6 32. Nxc6 Bxc6 33. Qg3 Qg5 34. Qxg5 hxg5 35. Ng3 Kf8 36. Kf2 Ke7 37. Nh5 Kf8 38. Kg3 Bd5 39. Kg4 Bxa2 40. Kxg5 Bd5 41. Kg4 b5 42. Kf4 b4 43.
Ke5 a5 44. Kd6 a4 45. Ng3 a3 0-1

[Event "*** Titled Tuesday Blitz"]
[Site "Chess.com"]
[Date "2021.03.09"]
[Round "11"]
[White "AttackSparrow"]
[Black "Funo09"]
[Result "0-1"]
[WhiteElo "2544"]
[BlackElo "2735"]
[TimeControl "180+1"]
[EndTime "12:10:20 PST"]
[Termination "Funo09 won by resignation"]

1. e4 c5 2. c3 Nf6 3. e5 Nd5 4. d4 cxd4 5. Nf3 g6 6. cxd4 Bg7 7. Bc4 Nb6 8. Bb3 O-O 9. O-O d6 10. exd6 Qxd6 11. h3 Nc6 12. Be3 Na5 13. Nc3 Nxb3 14. axb3 Nd5 15. Re1 h6 16. Ne4 Qd8 17. Ne5 Nxe3 18.
Rxe3 Be6 19. Nc5 Bd5 20. Qe1 e6 21. Qb4 Qe7 22. Ncd3 Qxb4 23. Nxb4 Rfd8 24. Nxd5 Rxd5 25. Ra4 a6 26. Nf3 Rad8 27. Rc3 R8d7 28. Rc8+ Kh7 29. Rb8 Rb5 30. Ne5 Bxe5 31. dxe5 g5 32. g3 Rxe5 33. Rb4 b5 34. Rb6 Rd1+ 35. Kg2 Rd2 36.
Rxa6 Rf5 37. Ra1 Rfxf2+ 38. Kg1 Rg2+ 39. Kh1 Rxg3 40. Rxb5 Rxh3+ 41. Kg1 Rxb2 42. Rb7 Kg6 43. b4 Rhb3 44. Rf1 Rb1 45. Rxf7 Rxf1+ 46. Rxf1 Rxb4 47.
Re1 Kf5 48. Kg2 h5 49. Rf1+ Rf4 50. Ra1 h4 51. Ra5+ e5 52. Ra8 Rc4 53. Rf8+ Kg4 54.
Rc8 Rxc8 0-1

[Event "*** Titled Tuesday Blitz"]
[Site "Chess.com"]
[Date "2021.03.09"]
[Round "11"]
[White "Grimlock_Glasgow"]
[Black "andrzej"]
[Result "1-0"]
[WhiteElo "2499"]
[BlackElo "2365"]
[TimeControl "180+1"]
[EndTime "12:10:20 PST"]
[Termination "Grimlock_Glasgow won by checkmate"]

1. e4 c5 2. Nc3 Nc6 3. Bb5 Nd4 4. Nf3 Nxb5 5. Nxb5 d6 6. d4 a6 7. Nc3 cxd4 8.
Qxd4 e5 9. Qb4 h6 10. Nd5 Nf6 11. Nb6 Rb8 12. O-O Be6 13. Rd1 Qc7 14. c4 d5 15.
Qa4+ Nd7 16. Nxd5 Bxd5 17. cxd5 Bd6 18. Be3 O-O 19. Rac1 Qd8 20. Nd2 Nf6 21. Bc5 Nh5 22. g3 f5 23. exf5 Bxc5 24. Rxc5 Qg5 25. Ne4 Qxf5 26. d6 b5 27. Qb3+ Kh8 28. Qe3 Qg4 29.
Rd3 Nf4 30. Rxe5 Nxd3 31. Qxd3 Rbd8 32. Re7 Rf3 33. Qd4 Rf6 34. Rxg7 Qxg7 35. Nxf6 Rf8 36. d7 Rd8 37. Qe5 a5 38. Qe8+ Qf8 39. Qxf8+ Rxf8 40. Ne8 Rxf2 41. Kxf2 h5 42. d8=Q h4 43. Qf6+ Kg8 44.
Qg7# 1-0

[Event "*** Titled Tuesday Blitz"]
[Site "Chess.com"]
[Date "2021.03.09"]
[Round "11"]
[White "Romadk"]
[Black "dodorox"]
[Result "1-0"]
[WhiteElo "2316"]
[BlackElo "2119"]
[TimeControl "180+1"]
[EndTime "12:10:20 PST"]
[Termination "Romadk won on time"]

1. d4 Nf6 2. Nf3 e6 3. g3 d5 4. Bg2 Be7 5. O-O O-O 6. c4 dxc4 7. Qc2 c5 8. dxc5 Bxc5 9. Nbd2 Nc6 10. Nxc4 Qe7 11. a3 a5 12. Nfe5 Nd4 13. Qd1 Rd8 14.
e3 Nc6 15. Nxc6 bxc6 16. Qc2 Ba6 17. Re1 Bb5 18. Ne5 Rac8 19. b3 Bd6 20. Bb2 c5 21.
Rad1 Be8 22. Nc4 Bc7 23. Bf3 Nd5 24. e4 Nf6 25. Kg2 Rxd1 26. Rxd1 Rd8 27. Bc3 Ra8 28.
a4 Bc6 29. Re1 Nd7 30. Be2 Ne5 31. f3 Nxc4 32. Bxc4 Bd6 33. Qb2 f6 34. e5 Bxe5 35. Bxe5 fxe5 36. Qxe5 Bd7 37. Qe4 Re8 38. Bd3 g6 39. h4 Qd6 40. Rd1 Qf8 41. Bc4 Qf7 42. Rd6 Bc8 43. Qe5 Qe7 44. Qxc5 Kf7 45. Qe5 Rd8 46. Rc6 Bb7 47. Rc7 Rd7 48. Qxe6+ Qxe6 49. Rxd7+ Ke8 50. Bxe6 1-0

[Event "*** Titled Tuesday Blitz"]
[Site "Chess.com"]
[Date "2021.03.09"]
[Round "11"]
[White "The_filthy"]
[Black "ApoIogiA"]
[Result "0-1"]
[WhiteElo "2313"]
[BlackElo "2217"]
[TimeControl "180+1"]
[EndTime "12:10:21 PST"]
[Termination "ApoIogiA won on time"]

1. e4 c5 2. Nf3 d6 3. d4 cxd4 4. Nxd4 Nf6 5. Nc3 a6 6. Be3 e5 7. Nb3 Be7 8. f3 Be6 9. Qd2 O-O 10. g4 d5 11. exd5 Nxd5 12. Nxd5 Qxd5 13. Be2 Nc6 14. O-O-O Rfd8 15. Qe1 Nd4 16. Bxd4 exd4 17. Rxd4 Qc6 18. Rxd8+ Rxd8 19. Kb1 Rc8 20. Bd3 Qxf3 21. Nd4 Qxg4 22.
Nxe6 Qxe6 23. Qf1 Bf6 24. Rg1 Qe5 25. c3 Rd8 26. Bc2 a5 27. a4 Rd6 28. Qh3 g6 29. Qc8+ Kg7 30. Qxb7 Qc5 31. Rf1 Rb6 32. Qf3 Qxc3 33.
Qxc3 Bxc3 34. b3 Rd6 35. Rf3 Bb4 36. Bd3 f5 37. Bc4 Rd2 38. h4 h6 39. h5 Kf6 40.
hxg6 Kxg6 41. Be6 Rd1+ 42. Kc2 Rd2+ 43. Kc1 Kg5 44. Rxf5+ Kg6 45. Rf4 Re2 46. Bc4 Re3 0-1

[Event "*** Titled Tuesday Blitz"]
[Site "Chess.com"]
[Date "2021.03.09"]
[Round "11"]
[White "ShahMatKanal"]
[Black "vovachesss"]
[Result "0-1"]
[WhiteElo "2511"]
[BlackElo "2706"]
[TimeControl "180+1"]
[EndTime "12:10:22 PST"]
[Termination "vovachesss won by checkmate"]

1. Nf3 d5 2. c4 c6 3. cxd5 cxd5 4. d4 Nc6 5. Nc3 Nf6 6. g3 Bf5 7. Bg2 e6 8. O-O Be7 9. a3 h6 10. b4 O-O 11. Bb2 Rc8 12. Rc1 Nd7 13. e3 Nb6 14.
Nd2 a5 15. b5 Na7 16. Qe2 Qd7 17. e4 dxe4 18. Bxe4 Bxe4 19. Ndxe4 Nc4 20. a4 Nxb2 21. Qxb2 Qxd4 22. Rfd1 Qb4 23. Qe2 Rfd8 24. Rxd8+ Rxd8 25. Qe3 Nc8 26. h4 Nd6 27. Nxd6 Qxd6 28. Qf3 b6 29.
Ne4 Qe5 30. Rc6 Rd4 31. Nc3 Bc5 32. Rc8+ Kh7 33. Qxf7 Rd2 34. Qg8+ Kg6 35. Qe8+ Kh7 36. Qg8+ Kg6 37. Qe8+ Kf6 38. Rxc5 Qe1+ 39. Kh2 Qxf2+ 40. Kh3 Qf1+ 41. Kg4 Rd4+ 42. Ne4+ Rxe4+ 43. Kh5 Qf3+ 44. g4 Qxg4# 0-1

[Event "*** Titled Tuesday Blitz"]
[Site "Chess.com"]
[Date "2021.03.09"]
[Round "11"]
[White "Durarbayli"]
[Black "Bigfish1995"]
[Result "1-0"]
[WhiteElo "2702"]
[BlackElo "3049"]
[TimeControl "180+1"]
[EndTime "12:10:23 PST"]
[Termination "Durarbayli won by checkmate"]

1. e4 Nc6 2. Nf3 e6 3. d4 d5 4. e5 f6 5. Bb5 Bd7 6. Qe2 Qe7 7. Bf4 O-O-O 8. Nc3 Qe8 9. O-O g5 10. Bg3 g4 11.
Bxc6 Bxc6 12. Ne1 f5 13. Nd3 h5 14. Bh4 Be7 15. Bxe7 Nxe7 16. a4 Ng6 17. Qe3 h4 18. b4 Qf7 19. Ne2 Rdg8 20. Nef4 Nf8 21. b5 Be8 22. Rfb1 g3 23. fxg3 hxg3 24. h3 Nh7 25. a5 Ng5 26. b6 a6 27. bxc7 Bb5 28. Nc5 Kxc7 29. Rxb5 axb5 30. Rb1 Qe8 31. Qd3 b6 32.
Na6+ Kd8 33. Rxb5 Ke7 34. axb6 Qc6 35. Qa3+ Kf7 36. Rc5 Qxb6 37. Rc7+ Qxc7 38. Nxc7 Rb8 39. Kf1 Rhc8 40. Qd6 Rd8 41. Qc6 Rb1+ 42. Ke2 Ne4 43. Qxe6+ Kf8 44. Qh6+ Kg8 45. Qg6+ Kf8 46. Nce6+ Ke7 47.
Qg7+ Ke8 48. Nc7# 1-0

[Event "*** Titled Tuesday Blitz"]
[Site "Chess.com"]
[Date "2021.03.09"]
[Round "11"]
[White "Volodar_Murzin"]
[Black "dropstoneDP"]
[Result "0-1"]
[WhiteElo "2665"]
[BlackElo "2889"]
[TimeControl "180+1"]
[EndTime "12:10:23 PST"]
[Termination "dropstoneDP won on time"]

1. e4 c5 2. Nf3 e6 3. g3 Nc6 4. Bg2 Nf6 5. Qe2 d6 6. O-O Be7 7. c3 O-O 8. Rd1 e5 9. Na3 Re8 10. d3 h6 11. Nc4 Be6 12. Ne3 d5 13. Nh4 g6 14. exd5 Nxd5 15. Nxd5 Bxd5 16. Bxd5 Qxd5 17.
Bxh6 Bxh4 18. gxh4 f6 19. Qg4 Kf7 20. Be3 Rh8 21.
Qc4 Qxc4 22. dxc4 b6 23. Rd7+ Ke6 24. Rad1 Nd4 25. Rg7 Nf3+ 26. Kf1 Kf5 27. Ke2 Nxh2 28. f3 Rxh4 29. Rd6 e4 30. Rd5+ Ke6 31. Rxg6 Nxf3 32.
Bf2 Rh3 33. Rg4 Ng5 34. Bg3 Rah8 35. Bf4 R8h5 36. Bxg5 fxg5 37. Rxe4+ Kf6 38. Rd6+ Kf5 39. Re8 Rh2+ 40. Kf1 Rxb2 41. Rd5+ Kg4 42. Re4+ Kf3 0-1

[Event "*** Titled Tuesday Blitz"]
[Site "Chess.com"]
[Date "2021.03.09"]
[Round "11"]
[White "Anna_ChessMate"]
[Black "KubaGepard"]
[Result "0-1"]
[WhiteElo "2567"]
[BlackElo "2433"]
[TimeControl "180+1"]
[EndTime "12:10:23 PST"]
[Termination "KubaGepard won by resignation"]

1. d4 d5 2. c4 dxc4 3. Nf3 Nf6 4. e3 e6 5. Bxc4 c5 6. O-O a6 7. b3 b5 8. Bd3 Bb7 9. Bb2 Nbd7 10. a4 b4 11. Nbd2 Be7 12. Qe2 O-O 13. Nc4 a5 14.
Rfd1 Rc8 15. Rac1 h6 16. dxc5 Bxc5 17. e4 Ng4 18. Bd4 e5 19. Bxc5 Rxc5 20. Bc2 Qe7 21. h3 Ngf6 22. Rd2 Rfc8 23. Rcd1 Nf8 24. Nd6 R8c7 25. Nf5 Qe6 26. Ne1 Ba6 27. Bd3 Bxd3 28. Nxd3 Rc3 29. Ne1 N8d7 30. Rd6 Qxb3 31. Qb5 Rc1 32.
Ne3 Rxd1 33. Rxd1 Rc5 34. Qb7 Qxa4 35. Nd3 Rc3 36. Nb2 Qb3 37. Rd2 g6 38. Qa8+ Kg7 39.
Nbd1 Rc1 40. Kh2 a4 41. Rd6 a3 42. Ra6 Rxd1 43. Nxd1 Qxd1 44. Qb7 Qd2 45. f3 a2 46.
Qb5 Qb2 47. Qa4 b3 48. Ra7 Qb1 0-1

[Event "*** Titled Tuesday Blitz"]
[Site "Chess.com"]
[Date "2021.03.09"]
[Round "11"]
[White "GM_Crest"]
[Black "AlexSuv"]
[Result "1-0"]
[WhiteElo "2746"]
[BlackElo "2513"]
[TimeControl "180+1"]
[EndTime "12:10:24 PST"]
[Termination "GM_Crest won on time"]

1. d4 Nf6 2. c4 e6 3. Nc3 Bb4 4.
e3 O-O 5. Ne2 Re8 6. a3 Bf8 7. d5 d6 8. g3 e5 9. Bg2 a5 10. O-O Na6 11. b4 g6 12. e4 Bg7 13.
h3 Rf8 14. Be3 Nh5 15. Nc1 Bd7 16. Nd3 b6 17. c5 bxc5 18. bxc5 Nxc5 19. Nxc5 dxc5 20.
Bxc5 Re8 21. Rc1 Rb8 22. Qc2 f5 23. Rfd1 f4 24. g4 f3 25. Bxf3 Nf4 26. Bg2 Qh4 27. Rd3 Nxd3 28. Qxd3 h5 29. f3 hxg4 30. hxg4 Bh6 31.
Bf2 Qe7 32. Ra1 Bf4 33. Qc4 Qd6 34. Bc5 Qf6 35. d6+ Be6 36. Nd5 Qf7 37. dxc7 Rbc8 38. Bd6 Bxd5 39. exd5 Qf6 40. Qc5 e4 41. Bxf4 Qxa1+ 42. Kh2 exf3 43. Bxf3 Qf1 44. Qc3 Re2+ 45. Bxe2 Qxe2+ 46.
Kg3 Qe4 47. d6 Rf8 48. Qe5 Qd3+ 49. Kh4 Qf1 50. Kg5 1-0

[Event "*** Titled Tuesday Blitz"]
[Site "Chess.com"]
[Date "2021.03.09"]
[Round "11"]
[White "Ekose"]
[Black "northridgehawk"]
[Result "1-0"]
[WhiteElo "2527"]
[BlackElo "2353"]
[TimeControl "180+1"]
[EndTime "12:10:26 PST"]
[Termination "Ekose won by resignation"]

1. d4 f5 2. g3 Nf6 3. Bg2 g6 4. c3 c6 5. Nh3 Bg7 6. Qb3 e6 7. Nd2 O-O 8. Nf4 Qe7 9. Nd3 d6 10. O-O Na6 11. e4 d5 12. exf5 exf5 13. Re1 Qc7 14. Nf3 Ne4 15. Bf4 Qb6 16. Qc2 Re8 17. Be5 Be6 18. Bxg7 Kxg7 19. Nfe5 Nc7 20. f3 Nf6 21. Re2 Re7 22. Rae1 Rae8 23. Nc5 Bc8 24. Qd3 Qb5 25. Qd2 b6 26. Ncd3 Qa6 27. Nxc6 Rxe2 28.
Rxe2 Rxe2 29. Qxe2 Ne6 30. Ncb4 Qb7 31. Ne5 a5 32. Nbd3 Qc7 33. h4 Ba6 34. Qe3 h6 35.
Kh2 Qe7 36. Nf4 Nxf4 37. Qxf4 Nh5 38. Qd2 g5 39. hxg5 hxg5 40. f4 g4 41. Qf2 Qe6 42. Bf1 Qh6 43. Kg1 Nf6 44. Bxa6 Ne4 45. Qg2 Qd6 46.
Bd3 b5 47. Bxe4 dxe4 48. Qd2 b4 49. Kf2 bxc3 50. Qxc3 Qh6 51. Ke2 Qh2+ 52. Kd1 Qxg3 53. Qxg3 1-0

[Event "*** Titled Tuesday Blitz"]
[Site "Chess.com"]
[Date "2021.03.09"]
[Round "11"]
[White "zajka-molotok"]
[Black "Chernov_Mikhail"]
[Result "1-0"]
[WhiteElo "2519"]
[BlackElo "2404"]
[TimeControl "180+1"]
[EndTime "12:10:26 PST"]
[Termination "zajka-molotok won by resignation"]

1. b4 e5 2. Bb2 Bxb4 3. Bxe5 Nf6 4. e3 Nc6 5. Bb2 d5 6. Nf3 O-O 7. Be2 Re8 8. O-O Bg4 9. d3 Bd6 10. Nbd2 Ne7 11. Bxf6 gxf6 12. Rb1 Kh8 13. Rxb7 Rg8 14. Kh1 Qc8 15. Rb1 Qf5 16. e4 Qh5 17. Re1 Nc6 18. exd5 Nd4 19. Nf1 Nxe2 20. Qxe2 Rg6 21. Ng3 Bxg3 22. fxg3 Rh6 23. c4 Rg8 24. Qf2 f5 25. Re7 f4 26. gxf4 Qf5 27. Ne5 Rf6 28. Rf1 Bh5 29.
Qh4 Be2 30. Rf2 Rf8 31. Rxe2 Rb8 32. Re1 Rb2 33. Nxf7+ Rxf7 34. Rxf7 Qxf7 35. Qd8+ Kg7 36. Qg5+ Kh8 37. Qe5+ Kg8 38. Qxb2 Qxf4 39. Qe2 Qd4 40. Qe8+ Kg7 41. Qe5+ Qxe5 42. Rxe5 Kf7 43. Re6 Kf8 44. Ra6 Kf7 45. Rxa7 Kf6 46. Rxc7 Ke5 47. Rc6 Kd4 48. a4 1-0

[Event "*** Titled Tuesday Blitz"]
[Site "Chess.com"]
[Date "2021.03.09"]
[Round "11"]
[White "imdvb6307"]
[Black "AldokhinIvan"]
[Result "1/2-1/2"]
[WhiteElo "2388"]
[BlackElo "2501"]
[TimeControl "180+1"]
[EndTime "12:10:26 PST"]
[Termination "Game drawn by repetition"]

1. c4 Nf6 2. Nc3 g6 3. Nf3 Bg7 4. d4 d6 5. e4 O-O 6. Be2 Nc6 7. O-O Re8 8. d5 Nb4 9. Nd4 e5 10. Nb3 Nd7 11. Be3 f5 12. f3 f4 13. Bf2 g5 14.
g4 fxg3 15. hxg3 Nf6 16. Kg2 h5 17. Be3 Qd7 18. Rh1 g4 19. Bg5 Nh7 20. Qd2 Qf7 21.
fxg4 Bxg4 22. Bxg4 hxg4 23. Raf1 Qg6 24. Bh6 Rf8 25.
Bxg7 Kxg7 26. a3 Na2 27. Nxa2 Qxe4+ 28. Kh2 Rxf1 29. Rxf1 Rh8 30. Kg1 Qxc4 31. Nc3 Qxb3 32. Qe2 Qb6+ 33. Kg2 Ng5 34. Qxg4 Qxb2+ 35. Ne2 Qd2 36.
Rf5 Qxd5+ 37. Kf2 Rh2+ 38. Ke3 Qc5+ 39. Kd2 Qd5+ 40. Ke3 Qc5+ 41. Kd2 Rxe2+ 42. Kxe2 Qb5+ 43. Kd2 Qa5+ 44. Ke2 Qb5+ 45. Kd2 Qa5+ 46. Ke2 Qb5+ 1/2-1/2

[Event "*** Titled Tuesday Blitz"]
[Site "Chess.com"]
[Date "2021.03.09"]
[Round "11"]
[White "Smile2005"]
[Black "LubovMarkelova"]
[Result "0-1"]
[WhiteElo "2366"]
[BlackElo "2235"]
[TimeControl "180+1"]
[EndTime "12:10:26 PST"]
[Termination "LubovMarkelova won on time"]

1. Nf3 d5 2. g3 c6 3. Bg2 Nf6 4. O-O Bf5 5. d4 h6 6. c4 e6 7.
Nc3 Be7 8. Nd2 O-O 9. e4 dxe4 10. Ndxe4 Nbd7 11. h3 Nxe4 12. Nxe4 Nf6 13. Nc3 Qb6 14. b3 Rfd8 15. Be3 a5 16. Qe2 Bb4 17. Na4 Qa6 18. a3 Be7 19. Nc3 Rac8 20. Qb2 b5 21. Rfc1 bxc4 22.
bxc4 Rb8 23. Qa2 a4 24. g4 Bd3 25. Ne2 Rb3 26. Nf4 Bxc4 27. Qc2 Bd5 28. Nxd5 cxd5 29.
Qc7 Qd6 30. Qa7 Rxa3 31. Rab1 Rb3 32. Qxa4 Rxb1 33. Rxb1 Rb8 34. Rc1 Qb4 35. Qa7 Bd6 36.
Bf3 Qb7 37. Qa4 Rc8 38. Ra1 Ne4 39. Kg2 Bb8 40. Qa2 Qc7 41. Qa6 Qh2+ 42. Kf1 Rc2 43. Qd3 Rb2 44. Re1 Ng5 45. Bg2 Nxh3 0-1

[Event "*** Titled Tuesday Blitz"]
[Site "Chess.com"]
[Date "2021.03.09"]
[Round "11"]
[White "lindsay790"]
[Black "thechesscorner64"]
[Result "1-0"]
[WhiteElo "2210"]
[BlackElo "2337"]
[TimeControl "180+1"]
[EndTime "12:10:28 PST"]
[Termination "lindsay790 won by checkmate"]

1. e4 c5 2. Nf3 e6 3. d4 cxd4 4. Nxd4 a6 5. Bd3 Nc6 6. Nb3 Nf6 7. Qe2 Qc7 8. c4 d6 9. O-O Be7 10. a3 O-O 11. Be3 b6 12. f4 Nd7 13. Nc3 Bb7 14.
Rac1 Nc5 15. Nxc5 bxc5 16. Qh5 g6 17. Qh6 Bf6 18. f5 Bg7 19. Qh4 exf5 20. Nd5 Qd8 21. Qxd8 Raxd8 22. exf5 Rfe8 23. f6 Bf8 24. Bg5 Nd4 25.
Rce1 Bxd5 26. cxd5 h6 27. Bh4 Re5 28. Bxg6 Rde8 29.
Bd3 Rxe1 30. Rxe1 Rxe1+ 31. Bxe1 h5 32. Bxa6 Bh6 33. Bg3 Bc1 34. b4 cxb4 35. axb4 Be3+ 36.
Kf1 Nf5 37. Bf2 Kf8 38. Bb5 h4 39. Bc6 Bxf2 40. Kxf2 Nd4 41. b5 Nb3 42. b6 Nc5 43. b7 Nxb7 44. Bxb7 Kg8 45. Bc6 Kh7 46. Kf3 Kg6 47.
Kg4 Kxf6 48. Kxh4 Ke5 49. Kg4 f5+ 50. Kf3 f4 51. h4 Kf6 52. Ke4 Kg6 53. Kxf4 Kh5 54.
g3 Kg6 55. g4 Kh6 56. g5+ Kg6 57.
Kg4 Kf7 58. h5 Ke7 59. Kf5 Kf7 60. g6+ Kg7 61. Kg5 Kg8 62. h6 Kh8 63. Kf6 Kg8 64. Ke6 Kh8 65. Kxd6 Kg8 66. Ke6 Kh8 67. d6 Kg8 68. d7 Kf8 69. d8=Q# 1-0

[Event "*** Titled Tuesday Blitz"]
[Site "Chess.com"]
[Date "2021.03.09"]
[Round "11"]
[White "RobertoJBM"]
[Black "enriquetejedor"]
[Result "1-0"]
[WhiteElo "2716"]
[BlackElo "2548"]
[TimeControl "180+1"]
[EndTime "12:10:30 PST"]
[Termination "RobertoJBM won on time"]

1. e4 e5 2. Nf3 Nc6 3. d4 exd4 4. Nxd4 Bc5 5. Nb3 Bb6 6. Nc3 Nf6 7. Qe2 O-O 8. Be3 Re8 9. f3 d6 10. O-O-O Be6 11. Kb1 Bxe3 12. Qxe3 a6 13. Be2 b5 14.
Nc5 b4 15. Nxe6 fxe6 16. Na4 Qe7 17. Rhe1 Nd7 18. Bc4 Na5 19. Qe2 Nxc4 20. Qxc4 Ne5 21. Qxb4 Reb8 22. Qc3 Rb5 23. b3 c5 24. Nb2 Nc6 25.
Nc4 Nd4 26. Rxd4 cxd4 27. Qxd4 Rd8 28. Ne3 Qf6 29. Qxf6 gxf6 30. c4 Rb7 31. Kc2 Kf7 32.
Kc3 Ke7 33. Re2 Rg8 34. f4 Rg6 35. f5 Rh6 36. g3 e5 37. Kd3 Rh3 38. Rg2 h5 39.
Ke2 h4 40. Kf3 hxg3 41. hxg3 a5 42. Rd2 a4 43. b4 Rh8 44. b5 Rc8 45. Rh2 Kd8 46.
Rh8+ Kc7 47. Nd5+ Kb8 48. Rxc8+ Kxc8 49. Nxf6 Rc7 50. Nd5 1-0

[Event "*** Titled Tuesday Blitz"]
[Site "Chess.com"]
[Date "2021.03.09"]
[Round "11"]
[White "LenkaPtacnikova"]
[Black "Kostukov_Alex"]
[Result "1-0"]
[WhiteElo "2139"]
[BlackElo "2286"]
[TimeControl "180+1"]
[EndTime "12:10:30 PST"]
[Termination "LenkaPtacnikova won on time"]

1. c4 g6 2. g3 Bg7 3. Bg2 c5 4. Nf3 Nf6 5. O-O O-O 6. d4 cxd4 7. Nxd4 Nc6 8. Nc2 d6 9. Nc3 a5 10. Bg5 Be6 11. b3 h6 12. Bd2 Ng4 13. Rc1 Qd7 14. Nd5 Bxd5 15. cxd5 Nb4 16. Nxb4 axb4 17. Bh3 f5 18.
Rc2 Qb5 19. e4 Bd4 20. Bxg4 fxg4 21. Bxh6 Rf3 22. Qxd4 Rf7 23. Rfc1 Kh7 24. Be3 Raf8 25.
Rc8 Qe2 26. Rxf8 Rxf8 27. Qd1 Qxd1+ 28. Rxd1 Ra8 29. Rd2 Kg7 30. Bd4+ Kf7 31. Rc2 Ra6 32. Kg2 Ra8 33. h3 gxh3+ 34. Kxh3 e5 35. dxe6+ Kxe6 36. Kg4 b5 37. f4 Rg8 38. Kg5 d5 39. e5 Kd7 40. Rc5 Ra8 41. Rxd5+ Ke7 42. Rxb5 Rxa2 43.
Rxb4 Rg2 44. Kxg6 Ke6 45. Rb6+ Kd5 46. Bc3 Rxg3+ 47. Kf6 Rxc3 48. f5 Ke4 49. e6 Rf3 50. Rb5 Rxf5+ 51. Rxf5 1-0

[Event "*** Titled Tuesday Blitz"]
[Site "Chess.com"]
[Date "2021.03.09"]
[Round "11"]
[White "alexrustemov"]
[Black "ErikBlomqvist"]
[Result "0-1"]
[WhiteElo "2745"]
[BlackElo "2611"]
[TimeControl "180+1"]
[EndTime "12:10:31 PST"]
[Termination "ErikBlomqvist won on time"]

1. d4 Nf6 2. c4 e6 3. Nf3 Bb4+ 4. Bd2 Bxd2+ 5. Qxd2 O-O 6. g3 d5 7. Qc2 c6 8. Bg2 b6 9. Nbd2 Bb7 10. O-O Nbd7 11.
Rac1 Rc8 12. Rfd1 Qe7 13. e4 dxe4 14. Nxe4 c5 15. Nxf6+ Nxf6 16. dxc5 Qxc5 17. b3 h6 18. Qe2 Rfd8 19. h3 Ne4 20. Qe3 Qxe3 21. fxe3 Nxg3 22. Kf2 Ne4+ 23. Ke1 Nc5 24. Ke2 a5 25. Ne1 Bxg2 26.
Nxg2 Kf8 27. Nf4 Ke7 28. Nd3 Ne4 29. a3 g5 30. b4 axb4 31. axb4 Ra8 32. Rc2 Ra3 33. c5 Nc3+ 34. Rxc3 Rxc3 35. cxb6 Rc6 36. b7 Rb6 37. Ra1 Rxb7 38. Ra6 Rdb8 39. e4 Rxb4 40.
Nxb4 Rxb4 41. Kf3 Kf6 42. Ra7 Rb3+ 43. Kg2 Re3 44. Ra4 Ke5 45. Ra7 f6 46. Rh7 Rxe4 47. Rxh6 Re3 48. Kf2 Ra3 49. Rh8 Kf5 50. Kg2 Kf4 51.
Rb8 Ra2+ 52. Kg1 e5 0-1